 Dungeon Crawl Stone Soup version 0.23.1-37-gaa34b87b72 (webtiles) character file.

Game seed: 6150860426896173430

50 Chiseanne the Grasshopper (level 3, 0/16 HPs)
             Began as a Spriggan Wanderer on Mar 20, 2019.
             Succumbed to an adder's poison
             ... on level 2 of the Dungeon.
             The game lasted 00:07:07 (2173 turns).

Chiseanne the Grasshopper (Spriggan Wanderer)       Turns: 2173, Time: 00:07:08

Health: 0/16       AC:  2    Str:  7    XL:     3   Next: 55%
Magic:  8/8        EV: 17    Int: 13    God:
Gold:   51         SH:  0    Dex: 17    Spells: 6/8 levels left

rFire    . . .     SeeInvis +   w - +0 blowgun
rCold    . . .     Gourm    .   (shield restricted)
rNeg     . . .     Faith    .   d - +0 robe
rPois    .         Spirit   .   (helmet restricted)
rElec    .         Reflect  .   (no cloak)
rCorr    .         Harm     .   (gloves unavailable)
MR       .....                  (boots unavailable)
Stlth    ++........             (no amulet)
HPRegen  0.05/turn              (no ring)
MPRegen  0.11/turn              (no ring)

@: lethally poisoned (0 -> -3), very quick
A: very small, unfitting armour, see invisible, herbivore, speed 3, slow
metabolism 2
a: no special abilities


You were on level 2 of the Dungeon.
You were not hungry.

You visited 1 branch of the dungeon, and saw 2 of its levels.

You collected 51 gold pieces.

Inventory:

Hand Weapons
 a - a +0 short sword
 e - a +0 hunting sling
 w - a +0 blowgun (weapon)
Missiles
 b - 9 poisoned needles (quivered)
 g - 36 stones
 j - 20 bolts
Armour
 d - a +0 robe (worn)
Scrolls
 c - a scroll of remove curse
 h - a scroll of identify {unknown}
Potions
 i - a potion of heal wounds {unknown}
 k - a potion of brilliance {unknown}
Comestibles
 f - 2 rations


   Skills:
 - Level 0.1 Fighting
 + Level 0.5(1.5) Short Blades
   Level 1.5(1.6) Long Blades
 * Level 2.5 Throwing
 * Level 2.2 Dodging
 * Level 2.8 Stealth
 * Level 3.3 Spellcasting
 - Level 4.4 Translocations


You had 6 spell levels left.
You knew the following spells:

 Your Spells              Type           Power        Failure   Level  Hunger
a - Blink                 Tloc           N/A          5%          2    ##.....

Your spell library contained the following spells:

 Spells                   Type           Power        Failure   Level  Hunger
 Gell's Gravitas          Tloc           ##........   11%         3    ###....
 Lesser Beckoning         Tloc           ##........   11%         3    ###....
 Teleport Other           Tloc           ##......     11%         3    ###....
 Shroud of Golubria       Chrm/Tloc      #.........   14%         2    ##.....
 Passage of Golubria      Tloc           N/A          36%         4    #####..


Dungeon Overview and Level Annotations

Branches:
Dungeon (2/15)

Altars:


Innate Abilities, Weirdness & Mutations

You are very small and have problems with some larger weapons.
You are too small for most types of armour.
You have supernaturally acute eyesight. (SInv)
You are a herbivore.
You cover ground extremely quickly.
You need to consume almost no food.


Message History

Press: ? - help, Shift-Dir - straight line, f - adder
Aim: an adder (heavily wounded)
You shoot a poisoned needle. The poisoned needle misses the adder.
The bat barely misses you. The bat hits you but does no damage.
Firing (i - inventory. (/) - cycle)
b - 11 poisoned needles (quivered)
Press: ? - help, Shift-Dir - straight line, f/p - adder
Aim: an adder (heavily wounded)
You shoot a poisoned needle. The poisoned needle hits the bat.
The bat is poisoned.
* * * LOW HITPOINT WARNING * * *
You feel sick. The bat completely misses you.
Firing (i - inventory. (/) - cycle)
b - 10 poisoned needles (quivered)
Press: ? - help, Shift-Dir - straight line, f/p - adder
Aim: an adder (heavily wounded)
You shoot a poisoned needle.
The poisoned needle barely misses the bat.
The poisoned needle misses the adder.
You kill the bat!
You see here a rat skeleton.
You die...

##############
#.@รท.S.......#
#.####.####..#
#.# ##(####..#
#.......#
##.###...##...#
......#.#
#.............#
#........
...###....#...#
.....#.# #.##
##.#.###.#
#..=..# #.#
#.#.###.#
#...#.#
#.#####(...#...


You could see an adder.

Vanquished Creatures
  2 adders (D:2)
  An ooze (D:1)
  A giant cockroach (D:2)
  5 goblins
  5 hobgoblins (D:1)
  2 jackals (D:1)
  A quokka (D:2)
  3 bats
  3 frilled lizards
  3 rats
26 creatures vanquished.

Notes
Turn   | Place    | Note
-------+----------+-------------------------------------------
     0 | D:1      | Chiseanne the Spriggan Wanderer began the quest for the
                  | Orb.
     0 | D:1      | Chiseanne set off with the following items: a +0 blowgun, 8
                  | poisoned needles, a +0 robe, a ration; and the following
                  | spells available to memorise: Blink, Gell's Gravitas,
                  | Lesser Beckoning, Teleport Other, Shroud of Golubria,
                  | Passage of Golubria
     0 | D:1      | Reached XP level 1. HP: 9/9 MP: 5/5
   562 | D:1      | Reached skill level 1 in Dodging
   562 | D:1      | Reached XP level 2. HP: 10/13 MP: 6/6
  1825 | D:2      | Learned a level 2 spell: Blink
  1838 | D:2      | Reached XP level 3. HP: 16/16 MP: 8/8
  2173 | D:2      | Succumbed to an adder's poison

Skill      XL: |  1  2  3 |
---------------+----------+-----
Stealth        | 2 |  2.8
Dodging        | 1 2 |  2.2
Spellcasting   | 3 |  3.3
Fighting       | |  0.1
Short Blades   | |  0.5
Long Blades    | |  1.5
Throwing       | |  2.5
Translocations | |  4.4

Action                   || total
-------------------------++-------
Melee: Dagger            ||    18
       Short sword       ||    62
 Fire: Blowgun           ||    53
  Use: Scroll            ||     4
 Stab: Sleeping          ||     4
Armor: Robe              ||     8
Dodge: Dodged            ||    83
